 Dungeon Crawl Stone Soup version 0.27-a0-412-g8dd771eca2 (webtiles) character file.

Game seed: 6445092712639516749

25 vurker the Digger (level 2, 0/22 HPs)
             Began as a Demigod Earth Elementalist on Feb 23, 2021.
             Slain by an ice beast (5 damage)
             ... on level 2 of the Dungeon.
             The game lasted 00:02:02 (1009 turns).

vurker the Digger (Demigod Earth Elementalist)      Turns: 1009, Time: 00:02:02

Health: 0/22       AC:  3    Str:  9    XL:     2   Next: 63%
Magic:  3/7        EV: 12    Int: 17    God:
Gold:   63         SH:  0    Dex: 14    Spells: 4/5 levels left

rFire    . . .     SeeInvis .   j - +2 whip (elec)
rCold    . . .     Faith    .   (no shield)
rNeg     . . .     Spirit   .   c - +0 robe
rPois    .         Reflect  .   g - +0 helmet
rElec    .         Harm     .   (no cloak)
rCorr    .         Rampage  .   (no gloves)
Will     .....                  (no boots)
Stlth    ++........             (no amulet)
HPRegen  0.07/turn              (no ring)
MPRegen  0.10/turn              (no ring)

@: no status effects
A: high mp 1
a: no special abilities


You were on level 2 of the Dungeon.
You visited 1 branch of the dungeon, and saw 2 of its levels.

You collected 63 gold pieces.

Inventory:

Hand Weapons
 j - a +2 whip of electrocution (weapon)
   (You took it off a kobold on level 1 of the Dungeon)
Missiles
 b - 54 stones
Armour
 c - a +0 robe (worn)
 g - a +0 helmet (worn)
   (You found it on level 1 of the Dungeon)
Scrolls
 e - a scroll of noise {unknown}
 h - a scroll of teleportation {unknown}
 k - a scroll of blinking {unknown}
Potions
 a - a potion of berserk rage {unknown}
 d - 3 potions of curing {unknown}
 f - 2 potions of degeneration {unknown}
 i - a potion of heal wounds {unknown}


   Skills:
 + Level 0.7 Fighting
 - Level 1.7 Dodging
 - Level 1.7 Stealth
 * Level 2.2 Spellcasting
 - Level 0.8 Transmutations
 * Level 3.1 Earth Magic


You had 4 spell levels left.
You knew the following spells:

 Your Spells              Type           Power        Failure   Level
a - Sandblast             Erth           24%          5%          1

Your spell library contained the following spells:

 Spells                   Type           Power        Failure   Level
 Passwall                 Tmut/Erth      6%           12%         2
 Stone Arrow              Conj/Erth      14%          30%         3
 Petrify                  Tmut/Erth      8%           63%         4
 Lee's Rapid Deconstruct  Erth           6%           82%         5


Dungeon Overview and Level Annotations

Branches:
Dungeon (2/15)


Innate Abilities, Weirdness & Mutations

You have an increased reservoir of magic. (+10% MP)


Message History

Aim: a goblin (26% to evade)
The blast of sand hits the goblin.
You kill the goblin!
You can't see any susceptible monsters within range! (Use Z to cast anyway.)
You see here a goblin corpse.
You can't see any susceptible monsters within range! (Use Z to cast anyway.)
Aim: an ice beast (21% to evade)
You miscast Sandblast.
You are very lightly contaminated with residual magic.
Nothing appears to happen.
Aim: an ice beast (21% to evade)
The blast of sand hits the ice beast but does no damage.
You barely miss the ice beast. The ice beast misses you.
You hit the ice beast. The ice beast hits you. The ice beast freezes you!
Ouch! That really hurt!
* * * LOW HITPOINT WARNING * * *
Your magical contamination has completely faded away.
There is a stone staircase leading up here.
A goblin comes into view. It is wielding a +0 dagger.
The goblin shouts!
You hit the goblin. Lightning courses through the goblin!
You kill the goblin!
The ice beast closely misses you.
A hobgoblin comes into view. It is wielding a +0 club.
The hobgoblin shouts!
Things that are here:
a +0 dagger; a goblin corpse A bat comes into view.
The bat moves out of view.
Found a stone staircase leading up.
The bat hits you but does no damage. The ice beast misses you.
The hobgoblin misses you. The ice beast misses you.
The hobgoblin hits you but does no damage.
Aim: an ice beast (lightly wounded, 21% to evade)
The blast of sand hits the ice beast.
The ice beast hits you but does no damage.
The hobgoblin barely misses you.
Aim: an ice beast (moderately wounded, 21% to evade)
The blast of sand hits the ice beast.
The ice beast misses you.
Aim: an ice beast (moderately wounded, 21% to evade)
The blast of sand hits the ice beast but does no damage.
The hobgoblin closely misses you. The ice beast barely misses you.
Aim: an ice beast (moderately wounded, 21% to evade)
The blast of sand hits the ice beast.
The hobgoblin hits you with a +0 club.
* * * LOW HITPOINT WARNING * * *
The ice beast hits you.
* * * LOW HITPOINT WARNING * * *
The ice beast freezes you.
You die...

.....# ......
....<. .... .
##...###### ##.
#####..#......# #..
#..##.# #<###.#
##.Y..#######..##.#
#@gb.).........#.#
####.#......<.....
#..#########...†
#.## #.....(#.## #.
#..[.....# ..
#......### ...
###..#. #. #.### ..


You could see an ice beast, a hobgoblin and a bat.

Vanquished Creatures
  2 leopard geckos (D:1)
  A giant cockroach (D:1)
  2 goblins (D:2)
  2 hobgoblins (D:1)
  2 jackals (D:1)
  4 kobolds (D:1)
  6 bats (D:1)
  A frilled lizard (D:1)
  3 rats (D:1)
23 creatures vanquished.

Notes
Turn   | Place    | Note
-------+----------+-------------------------------------------
     0 | D:1      | vurker the Demigod Earth Elementalist began the quest for
                  | the Orb.
     0 | D:1      | Reached XP level 1. HP: 14/14 MP: 5/5
   222 | D:1      | Reached skill level 3 in Earth Magic
   222 | D:1      | Reached XP level 2. HP: 22/22 MP: 0/7
   978 | D:2      | Noticed an ice beast
  1009 | D:2      | Slain by an ice beast

Illustrated notes

Levels and vault maps discovered:
D:1:      doesnt_arrival_eight_statues, layout_basic, minivault_14
D:2:      layout_rooms

Skill      XL: |  1 |
---------------+----+-----
Spellcasting   | 2 |  2.2
Earth Magic    | 3 |  3.1
Fighting       | |  0.7
Dodging        | |  1.7
Stealth        | |  1.7
Transmutations | |  0.8

Action                   || total
-------------------------++-------
Melee: Whip              ||     3
       Dagger            ||     1
 Cast: Sandblast         ||    38
Armor: Robe              ||     8
Dodge: Dodged            ||    22

Table legend: (Time is in decaauts)
 A = Elapsed time spent in this place.
 B = Non-inter-level travel time spent in this place.
 C = Inter-level travel time spent in this place.
 D = Time resting spent in this place.
 E = Time spent auto-exploring this place.
 F = Levels seen in this place.
 G = Mean time per level.
                   A        B        C        D        E       F      G
               +--------+--------+--------+--------+--------+-----+--------+
         Total |   1008 |    965 |     43 |      0 |    824 |   2 |  504.0 |
       Dungeon |   1008 |    965 |     43 |      0 |    824 |   2 |  504.0 |
               +--------+--------+--------+--------+--------+-----+--------+

Top non-repeatable levels by time:
     D:1: 969 daAuts
     D:2: 39 daAuts
